 Seeded DCSS version 0.30-a0-918-g0ff054e9dc (webtiles) character file.

Game seed: 3425090202442293766 (custom seed)

10084 Darius099 the Grappler (level 11, -8/105 HPs)
             Began as a Troll Monk on Mar 21, 2023.
             Mangled by a vault guard
             ... wielding a +0 broad axe
              (18 damage)
             ... in a bailey.
             The game lasted 00:23:18 (7866 turns).

Darius099 the Grappler (Troll Monk)                 Turns: 7866, Time: 00:23:18

Health: -8/105     AC:  8    Str: 25    XL:     11   Next: 31%
Magic:  25/25      EV: 13    Int:  1    God:
Gold:   695        SH:  0    Dex: 18    Spells: 16/18 levels left

rFire   . . .      SeeInvis +      - Unarmed
rCold   + . .      Faith    .    (no shield)
rNeg    . . .      Spirit   .    H - +2 robe of a Hundred Friends {rElec Str+4 Int-5 Slay+3}
rPois   +          Reflect  .    C - +1 hat of Privacy {rPois MP+9 Dex+2}
rElec   +          Rampage  .    z - +0 cloak of Refuge {rC+ rCorr}
rCorr   +                        (gloves unavailable)
Will    .....                    (boots unavailable)
Stlth   ++                       p - amulet of the acrobat
HPRegen 1.17/turn                d - ring of see invisible
MPRegen 0.19/turn                (no ring)

@: studying Long Blades
A: large, unfitting armour, claws 3, regeneration 1, shaggy fur 1, tough skin 1
a: no special abilities


You were in a bailey.
You visited 1 branch of the dungeon, and saw 10 of its levels.
You also visited: Bailey.

You collected 695 gold pieces.

Inventory:

Missiles
 i - 6 large rocks
 l - 3 throwing nets (quivered)
Armour
 z - the +0 cloak of Refuge (worn) {rC+ rCorr}
   (You acquired it on level 3 of the Dungeon)

   rC:        It protects you from cold.
   rCorr:     It protects you from acid and corrosion.
 C - the +1 hat of Privacy (worn) {rPois MP+9 Dex+2}
   (You acquired it on level 4 of the Dungeon)

   Dex:       It affects your dexterity (+2).
   rPois:     It protects you from poison.
   MP:        It affects your magic capacity (+9).
 H - the +2 robe of a Hundred Friends (worn) {rElec Str+4 Int-5 Slay+3}
   (You found it on level 5 of the Dungeon)

   Str:       It affects your strength (+4).
   Int:       It affects your intelligence (-5).
   Slay:      It affects your accuracy & damage with ranged weapons and melee
   (+3).
   rElec:     It insulates you from electricity.
Jewellery
 d - a ring of see invisible (left claw)
 p - an amulet of the acrobat (around neck)
 I - a ring of ice
Wands
 A - a wand of flame (12)
 M - a wand of polymorph (3)
 O - a wand of light (4)
Scrolls
 a - a scroll of amnesia {unknown}
 c - 2 scrolls of acquirement
 e - 2 scrolls of blinking {unknown}
 f - 4 scrolls of noise {unknown}
 g - 7 scrolls of identify {unknown}
 h - 3 scrolls of enchant armour {unknown}
 m - 5 scrolls of magic mapping {unknown}
 r - 3 scrolls of fog {unknown}
 s - 8 scrolls of teleportation {unknown}
 t - a scroll of fear {unknown}
 u - 3 scrolls of silence {unknown}
 y - a scroll of immolation {unknown}
 D - a scroll of enchant weapon {unknown}
 F - 2 scrolls of vulnerability {unknown}
 K - a scroll of poison {unknown}
 N - a scroll of brand weapon {unknown}
Potions
 b - 3 potions of ambrosia
 j - a potion of degeneration {unknown}
 k - 2 potions of resistance {unknown}
 n - 6 potions of curing {unknown}
 o - 2 potions of brilliance {unknown}
 q - a potion of attraction {unknown}
 v - 3 potions of might {unknown}
 w - 2 potions of haste {unknown}
 x - a potion of flight {unknown}
 B - a potion of heal wounds {unknown}
 E - 3 potions of magic {unknown}
 G - 2 potions of lignification {unknown}
 J - 3 potions of mutation {unknown}
 L - a potion of invisibility {unknown}


   Skills:
 + Level 6.2 Fighting
 + Level 6.2 Dodging
 - Level 1.0 Stealth
 - Level 12.0 Unarmed Combat
 + Level 4.2 Spellcasting
 + Level 5.0 Transmutations


You had 16 spell levels left.
You knew the following spells:

 Your Spells              Type           Power      Damage    Failure   Level
a - Wereblood             Tmut           1%         N/A       9%          2

Your spell library contained the following spells:

 Spells                   Type           Power      Damage    Failure   Level
 Blink                    Tloc           0%         N/A       56%         2
 Cigotuvi's Dreadful Rot  Necr/Pois/Air  0%         N/A       56%         2
 Poisonous Vapours        Pois/Air       0%         N/A       56%         2
 Sublimation of Blood     Necr           0%         N/A       56%         2
 Mephitic Cloud           Conj/Pois/Air  0%         N/A       80%         3
 Animate Dead             Necr           0%         N/A       99%         4
 Manifold Assault         Tloc           0%         N/A       99%         4
 Haunt                    Necr/Summ      0%         N/A       100%        7
 Storm Form               Tmut/Air       0%         N/A       100%        7
 Summon Hydra             Summ           0%         N/A       100%        7
 Infestation              Necr           0%         N/A       100%        8


Dungeon Overview and Level Annotations

Branches:
Dungeon (10/15)            Temple (0/1) D:5          Bailey (1/1)
   Lair: D:8-11         Orc: D:9-12

Altars:
Elyvilon
Okawaru
Qazlal
Trog
Uskayaw
Wu Jian
Yredelemnul
Zin
The Shining One

Shops:
D:2 ?(   D:6 *=

Annotations:
D:6 3 runed translucent doors, Darius099's ghost, novice TrMo
D:9 2 transporters, Sanktem7's ghost, novice MiFi


Innate Abilities, Weirdness & Mutations

You are too large for most types of armour.
You have claws for hands.
Your natural rate of healing is unusually fast.
You are covered in fur. (AC +1)
You have tough skin. (AC +1)


Message History

Okay, then.
You mangle Prince Ribbit!!
You kill Prince Ribbit!
The vault guard hits you but does no damage.
You closely miss the vault guard.
The vault guard is moderately wounded.
The vault guard hits you with a +0 broad axe!
You closely miss the vault guard.
The vault guard is moderately wounded.
The vault guard hits you with a +0 broad axe!!
You barely miss the vault guard.
The vault guard is moderately wounded.
You scratch the vault guard. Your claw misses the vault guard.
The vault guard is moderately wounded.
The vault guard hits you with a +0 broad axe!
You closely miss the vault guard.
The vault guard is moderately wounded.
The vault guard hits you with a +0 broad axe!
* * * LOW HITPOINT WARNING * * *
You claw the vault guard!
The vault guard is heavily wounded.
The vault guard closely misses you.
You barely miss the vault guard.
The vault guard is heavily wounded.
You barely miss the vault guard. Your claw misses the vault guard.
The vault guard is heavily wounded.
The vault guard barely misses you.
You scratch the vault guard but do no damage.
The vault guard is heavily wounded.
The vault guard hits you with a +0 broad axe!!
* * * LOW HITPOINT WARNING * * *
You claw the vault guard!
The vault guard is heavily wounded.
The vault guard misses you.
You claw the vault guard!
The vault guard is severely wounded.
You scratch the vault guard but do no damage.
The vault guard is severely wounded.
The vault guard hits you with a +0 broad axe!!
You die...

..## ∩..+ ####### ...######
###≈≈≈≈≈###
∩..')...#+##≈≈~~~~~≈≈##
..##).....#≈~~~~~~~~~≈##
###)).....##≈~~~~~~~~~≈#
#...#######≈~....~..~######
#..##..#≈≈≈~~~......##§...[
#...#..#.......@....#.....?
#.))#..'..~~~~.p~...'..∩...
##.....#~~≈≈≈≈~)....#.....?
##....#≈≈####≈≈~...##....?
######### ###≈~..~######
##≈.~~~# #≈.~~## #≈.~##
+.###


You could see a vault guard.

Vanquished Creatures
  Pikel (D:9)
  An ugly thing (D:8)
  Psyche (D:9)
  Prince Ribbit (Bailey)
  A troll (D:10)
  Grinder (D:3)
  A hornet (D:8)
  Sigmund (D:3)
  21 yaks
  4 vampire mosquitoes (D:9)
  A steam dragon (D:8)
  9 humans
  2 ice beasts
  A sky beast (D:7)
  3 orc warriors
  2 black bears (D:5)
  3 ogres
  3 lemures (D:9)
  4 centaurs
  2 kobold brigands
  A gnoll sergeant (D:6)
  2 scorpions
  6 bullfrogs
  3 howler monkeys (D:7)
  A crimson imp (D:4)
  11 hounds
  A jelly (D:6)
  5 orc priests
  2 sleepcaps (D:6)
  Terence (D:3)
  2 iguanas (D:6)
  3 orc wizards
  5 adders
  3 gnolls (D:6)
  A shadow imp (D:5)
  A worm (D:2)
  14 dart slugs
  29 orcs
  8 ball pythons
  6 bats
  5 endoplasms
  3 giant cockroaches
  12 goblins
  9 hobgoblins
  A jackal (D:7)
  11 kobolds
  A quokka (D:2)
  4 frilled lizards
  A goblin skeleton (D:4)
  A goblin zombie (D:4)
  A hobgoblin zombie (D:4)
  A kobold skeleton (D:4)
  2 kobold zombies (D:4)
  An orc skeleton (D:4)
  13 rats
234 creatures vanquished.

Notes
Turn   | Place    | Note
-------+----------+-------------------------------------------
     0 | D:1      | Darius099 the Troll Monk began the quest for the Orb.
     0 | D:1      | Reached XP level 1. HP: 22/22 MP: 0/0
   117 | D:1      | Reached XP level 2. HP: 29/29 MP: 1/1
   336 | D:1      | Reached skill level 4 in Unarmed Combat
   475 | D:1      | Found a faded altar of an unknown god.
   601 | D:2      | Reached XP level 3. HP: 36/36 MP: 2/2
   691 | D:2      | Found Nareh's Weapon Boutique.
   930 | D:2      | Reached skill level 5 in Unarmed Combat
   930 | D:2      | Reached XP level 4. HP: 33/44 MP: 3/3
  1162 | D:2      | Found Lipoy's Magic Scroll Boutique.
  1378 | D:3      | Noticed Sigmund
  1390 | D:3      | Killed Sigmund
  1391 | D:3      | Reached skill level 6 in Unarmed Combat
  1391 | D:3      | Reached XP level 5. HP: 50/50 MP: 4/4
  1532 | D:3      | Reached XP level 6. HP: 59/59 MP: 5/5
  1698 | D:3      | Noticed Terence
  1703 | D:3      | Killed Terence
  1704 | D:3      | Reached skill level 7 in Unarmed Combat
  2107 | D:3      | Identified 2 scrolls of acquirement
  2107 | D:3      | Acquired the +0 cloak of Refuge {rC+ rCorr}
  2188 | D:4      | Noticed Grinder
  2199 | D:3      | Killed Grinder
  2200 | D:3      | Reached skill level 8 in Unarmed Combat
  2200 | D:3      | Reached XP level 7. HP: 60/66 MP: 6/6
  2871 | D:4      | Found a white marble altar of Elyvilon.
  2871 | D:4      | Found a basalt altar of Yredelemnul.
  2873 | D:4      | Found an ornate altar of the Wu Jian Council.
  2951 | D:4      | Found a glowing golden altar of the Shining One.
  3372 | D:4      | Acquired the +1 hat of Privacy {rPois MP+9 Dex+2}
  3525 | D:5      | Entered Level 5 of the Dungeon
  3634 | D:5      | Found a staircase to the Ecumenical Temple.
  3642 | D:5      | Reached skill level 9 in Unarmed Combat
  3799 | D:5      | Identified the +2 robe of a Hundred Friends {rElec Str+4
                  | Int-5 Slay+3}
  3993 | D:5      | Found an iron altar of Okawaru.
  4022 | D:5      | Learned a level 2 spell: Wereblood
  4030 | D:5      | Reached XP level 8. HP: 61/74 MP: 7/7
  4209 | D:5      | Reached skill level 10 in Unarmed Combat
  4442 | D:6      | Found a bloodstained altar of Trog.
  4525 | D:6      | Found Kausagei's Jewellery Shop.
  4538 | D:6      | Found Xyeg's General Store.
  4591 | D:6      | Reached skill level 11 in Unarmed Combat
  4608 | D:6      | Found a runed translucent gate.
  4611 | D:6      | Found a runed translucent gate.
  4611 | D:6      | Found a runed translucent gate.
  4611 | D:6      | Noticed Darius099's ghost (novice TrMo)
  5104 | D:6      | Found a glowing silver altar of Zin.
  5161 | D:7      | Reached skill level 12 in Unarmed Combat
  5164 | D:7      | Reached XP level 9. HP: 76/80 MP: 8/8
  5388 | D:7      | Reached skill level 1 in Transmutations
  5521 | D:7      | Reached skill level 1 in Spellcasting
  5692 | D:7      | Reached XP level 10. HP: 72/93 MP: 12/12
  5939 | D:8      | Found a hide-covered altar of Uskayaw.
  6074 | D:8      | Noticed a purple ugly thing
  6087 | D:8      | Killed a purple ugly thing
  6406 | D:8      | Reached skill level 5 in Fighting
  6406 | D:8      | Reached skill level 5 in Dodging
  6589 | D:9      | Found a stormy altar of Qazlal.
  6739 | D:9      | Noticed Psyche
  6746 | D:9      | Killed Psyche
  6863 | D:9      | Noticed a moth of wrath
  6873 | D:9      | Found a transporter.
  6877 | D:9      | Noticed Sanktem7's ghost (novice MiFi)
  6894 | D:9      | Found a transporter.
  7131 | D:9      | Noticed Pikel
  7145 | D:9      | Killed Pikel
  7444 | D:10     | Entered Level 10 of the Dungeon
  7458 | D:10     | Reached XP level 11. HP: 90/105 MP: 15/15
  7764 | D:10     | Found a flagged portal.
  7781 | Bailey   | Entered a bailey
  7805 | Bailey   | Reached skill level 5 in Transmutations
  7836 | Bailey   | Noticed Prince Ribbit
  7836 | Bailey   | Noticed a vault guard
  7854 | Bailey   | Killed Prince Ribbit
  7866 | Bailey   | Mangled by a vault guard

Illustrated notes

Levels and vault maps discovered:
D:1:      minmay_arrival_loop, layout_basic, ebering_ecumenical_altar_webs,
          moated_statue, minmay_tetromino_s2
D:2:      minmay_angry_zag, layout_basic, serial_shops,
          nicolae_shop_behind_doors, nicolae_shop_bloodbath_and_beyond,
          minmay_cut_off
D:3:      kennysheep_slugbush, layout_basic, uniq_sigmund, uniq_terence
D:4:      layout_layer_cave, gammafunk_temple_overflow_claw,
          nicolae_tso_besieged_by_evil, minivault_24, uniq_grinder
D:5:      layout_loops_ring, mainiacjoe_overflow_small_starburst,
          minmay_temple_entry_grid, minmay_misc_feat_square
D:6:      cheibrodos_iron_armory, layout_basic, bloody_trog, marbit_many_paths,
          serial_shops, shop, shop, biasface_ghost_orc_armoury,
          minmay_manual_mares
D:7:      erik_cavepeople, layout_basic
D:8:      layout_gridville, nicolae_uskayaw_dance_hall
D:9:      layout_loops_corners, grunt_qazlal_clouds,
          gammafunk_ghost_berserking_beasts, uniq_psyche, uniq_pikel
D:10:     layout_loops_ring, grunt_temple_overflow_opulence,
          erik_lair_orcish_takeover, orc_0_dummy, enter_bailey_5
Bailey:   bailey_axe_froggy_fort_hellmonk, bailey

Skill      XL: |  1  2  3  4  5  6  7  8  9 10 11 |
---------------+----------------------------------+-----
Unarmed Combat | 4 5 6 8 9 12 | 12.0
Transmutations | 3 4 5 |  5.0
Dodging        | 4 5 6 |  6.2
Fighting       | 4 5 6 |  6.2
Spellcasting   | 2 3 4 |  4.2
Stealth        | |  1.0

Action                     |  1- 3 |  4- 6 |  7- 9 | 10-12 || total
---------------------------+-------+-------+-------+-------++-------
  Melee: Unarmed           |   104 |    51 |   213 |   241 ||   609
         Punch             |     1 |     1 |    13 |    20 ||    35
    Use: Scroll            |       |     1 |     1 |       ||     2
   Stab: Sleeping          |     1 |     4 |     7 |     2 ||    14
         Distracted        |       |       |     1 |       ||     1
 Armour: Robe              |    33 |    10 |    61 |    53 ||   157
  Dodge: Dodged            |    62 |    29 |   117 |   139 ||   347

Table legend: (Time is in decaauts)
 A = Elapsed time spent in this place.
 B = Non-inter-level travel time spent in this place.
 C = Inter-level travel time spent in this place.
 D = Time resting spent in this place.
 E = Time spent auto-exploring this place.
 F = Levels seen in this place.
 G = Mean time per level.
                   A        B        C        D        E       F      G
               +--------+--------+--------+--------+--------+-----+--------+
         Total |   7760 |   7448 |    312 |    203 |   4778 |  11 |  705.5 |
       Dungeon |   7685 |   7373 |    312 |    203 |   4759 |  10 |  768.5 |
        Bailey |     75 |     75 |      0 |      0 |     19 |   1 |   75.0 |
               +--------+--------+--------+--------+--------+-----+--------+

Top non-repeatable levels by time:
     D:4: 1316 daAuts
     D:9: 928 daAuts
     D:5: 819 daAuts
     D:3: 817 daAuts
     D:2: 802 daAuts
     D:6: 797 daAuts
     D:7: 752 daAuts
     D:8: 626 daAuts
     D:1: 564 daAuts
    D:10: 259 daAuts
  Bailey: 75 daAuts
